 Dungeon Crawl Stone Soup version 0.30-a0-629-gd54f4be4f7 (webtiles) character file.

Game seed: 4770399597978204716

282 bande the Covered (level 6, -2/39 HPs)
             Began as a Gargoyle Fighter on Jan 12, 2023.
             Slain by a gnoll
             ... wielding a +0 whip
              (6 damage)
             ... on level 3 of the Dungeon.
             The game lasted 00:03:10 (2012 turns).

bande the Covered (Gargoyle Fighter)                Turns: 2012, Time: 00:03:11

Health: -2/39      AC: 14    Str: 19    XL:     6   Next: 28%
Magic:  6/6        EV:  7    Int:  9    God:
Gold:   147        SH:  4    Dex: 11    Spells: 5/5 levels left

rFire   . . .      SeeInvis .    a - +0 war axe
rCold   . . .      Faith    .    c - +0 buckler
rNeg    + . .      Spirit   .    t - +0 chain mail
rPois   ∞          Reflect  .    (no helmet)
rElec   +          Harm     .    (no cloak)
rCorr   .          Rampage  .    (no gloves)
Will    .....                    (no boots) Stlth
                                 (no amulet)
HPRegen 0.26/turn                (no ring)
MPRegen 0.10/turn                (no ring)

@: no status effects
A: sickness immunity, AC +4, negative energy resistance 1, electricity
resistance, torment resistance 1, petrification resistance
a: no special abilities


You were on level 3 of the Dungeon.
You visited 1 branch of the dungeon, and saw 3 of its levels.

You collected 147 gold pieces.

Inventory:

Hand Weapons
 a - a +0 war axe (weapon)
 g - a +0 war axe
Armour
 c - a +0 buckler (worn)
 t - a +0 chain mail (worn)
Jewellery
 k - the ring "Haruips" {Wiz rElec MP-9 Int+2 SInv}
   (You found it on level 2 of the Dungeon)

   [ring of wizardry]

   It improves your spell success rate.
   Int:       It affects your intelligence (+2).
   rElec:     It insulates you from electricity.
   MP:        It affects your magic capacity (-9).
   SInv:      It lets you see invisible.
Wands
 s - a wand of flame (21)
Scrolls
 e - a scroll of blinking {unknown}
 f - a scroll of fog {unknown}
 i - 3 scrolls of identify {unknown}
 j - a scroll of enchant weapon {unknown}
 m - a scroll of summoning {unknown}
 q - a scroll of acquirement {unknown}
 r - a scroll of enchant armour {unknown}
Potions
 d - a potion of might
 h - a potion of curing {unknown}
 l - a potion of haste {unknown}
 n - a potion of degeneration {unknown}
 o - a potion of brilliance {unknown}
 p - a potion of heal wounds {unknown}


   Skills:
 + Level 4.4 Fighting
 + Level 4.2 Axes
 + Level 4.4 Armour
 + Level 3.9 Shields


You had 5 spell levels left.
You didn't know any spells.
Your spell library contained the following spells:

 Spells                   Type           Power      Damage    Failure   Level
 Kindle Blastsparks       Fire/Tloc/Air  0%         2d10      100%        3
 Fulminant Prism          Conj/Hex       0%         3d5       100%        4
 Iskenderun's Mystic Bla  Conj/Tloc      0%         2d3       100%        4
 Lee's Rapid Deconstruct  Erth           0%         3d4*      100%        5


Dungeon Overview and Level Annotations

Branches:
Dungeon (3/15)

Altars:
Elyvilon
Fedhas


Innate Abilities, Weirdness & Mutations

You are immune to sickness and miasma.
Your stone body is resilient. (AC +4)
You are immune to poison.
You resist negative energy. (rN+)
You are resistant to electric shocks. (rElec)
You are resistant to unholy torment.
You are immune to petrification.


Message History

The gnoll hits you with a +0 flail.
You barely miss the gnoll.
The goblin shouts!
The orc shouts!
The gnoll completely misses you.
You hit the gnoll.
The gnoll is moderately wounded.
You closely miss the gnoll. The gnoll closely misses you.
The gnoll hits you with a +0 flail. The gnoll hits you but does no damage.
You hit the gnoll.
The gnoll is heavily wounded.
You closely miss the gnoll.
The gnoll hits you from afar with a +0 halberd.
The gnoll completely misses you. The gnoll hits you but does no damage.
You block the gnoll's attack. The gnoll hits you with a +0 flail.
The gnoll hits you but does no damage.
You completely miss the gnoll.
The gnoll is moderately wounded.
You hit the gnoll.
The gnoll hits you from afar with a +0 halberd.
The gnoll hits you with a +0 whip. The gnoll hits you but does no damage.
You barely miss the gnoll.
The gnoll is heavily wounded.
You closely miss the gnoll.
The gnoll hits you but does no damage. x3
You slash the gnoll!
You kill the gnoll!
You hit the gnoll but do no damage.
The gnoll hits you from afar with a +0 halberd!
The gnoll hits you with a +0 whip.
* * * LOW HITPOINT WARNING * * *
The goblin hits you but does no damage.
The gnoll hits you from afar with a +0 halberd!
* * * LOW HITPOINT WARNING * * *
You block the gnoll's attack. The orc hits you but does no damage.
You are too injured to fight recklessly!
You are too injured to fight recklessly!
You are too injured to fight recklessly!
The gnoll attacks as you move away! You block the gnoll's attack.
The gnoll attacks as you move away! You block the gnoll's attack.
The gnoll attacks as you move away! The gnoll hits you with a +0 whip.
You die...

............###### #..##.#
##......###g# #...... #......#
#.# #...>.# ##.###### #o# #####.#
)..# #.# #.# #### #g# #[# ##.#
#.#
##########.o###################.#
.............g.g@...............#
..####.####.#.###################
..##.....##...# #.#.......#)#.#
#.#.......#.#.# #....._.....#.#
#.#.......#.#.# #.#.......#.#.#
#.##.....##.#.#


You could see a gnoll, an orc and a goblin.

Vanquished Creatures
  Grinder (D:3)
  2 gnolls
  An adder (D:2)
  A worm (D:2)
  3 dart slugs (D:2)
  3 endoplasms (D:1)
  4 giant cockroaches
  3 goblins
  2 hobgoblins
  2 jackals (D:1)
  7 ball pythons
  3 bats
  6 frilled lizards
  7 kobolds
  8 rats
53 creatures vanquished.

Notes
Turn   | Place    | Note
-------+----------+-------------------------------------------
     0 | D:1      | bande the Gargoyle Fighter began the quest for the Orb.
     0 | D:1      | Reached XP level 1. HP: 14/14 MP: 1/1
    44 | D:1      | Reached XP level 2. HP: 10/19 MP: 2/2
   413 | D:1      | Reached XP level 3. HP: 23/23 MP: 3/3
  1191 | D:2      | Identified the ring "Haruips" {Wiz rElec MP-9 Int+2 SInv}
  1270 | D:2      | Reached XP level 4. HP: 29/29 MP: 4/4
  1286 | D:2      | Found a white marble altar of Elyvilon.
  1682 | D:3      | Noticed Grinder
  1690 | D:3      | Killed Grinder
  1691 | D:3      | Reached XP level 5. HP: 16/34 MP: 5/5
  1691 | D:3      | Reached XP level 6. HP: 18/39 MP: 6/6
  1918 | D:3      | Found a blossoming altar of Fedhas.
  1998 | D:3      | HP: 1/39 [gnoll/+0 halberd (10)]
  2012 | D:3      | Slain by a gnoll

Illustrated notes

Levels and vault maps discovered:
D:1:      dpeg_arrival_court, layout_loops_corners, serial_forest,
          infiniplex_forest_lined_corner, infiniplex_forest_corner_2,
          infiniplex_forest_join, infiniplex_forest_clump_double,
          infiniplex_forest_join
D:2:      layout_rooms, basic_altar, minmay_tetromino_o2
D:3:      layout_basic, old_standard_altar, dilly_ecumenical_altar_fadedgnrine,
          amcnicky_mini_corridor_feature, uniq_grinder

Skill      XL: |  1  2  3  4 |
---------------+-------------+-----
Axes           | 2 4 |  4.2
Fighting       | 4 |  4.4
Armour         | 4 |  4.4
Shields        | |  3.9

Action                   |  1- 3 |  4- 6 || total
-------------------------+-------+-------++-------
Melee: War axe           |    97 |    42 ||   139
Armor: Scale mail        |    58 |    12 ||    70
       Chain mail        |       |    10 ||    10
Dodge: Dodged            |    52 |    14 ||    66
Block: Buckler           |    19 |     9 ||    28

Table legend: (Time is in decaauts)
 A = Elapsed time spent in this place.
 B = Non-inter-level travel time spent in this place.
 C = Inter-level travel time spent in this place.
 D = Time resting spent in this place.
 E = Time spent auto-exploring this place.
 F = Levels seen in this place.
 G = Mean time per level.
                   A        B        C        D        E       F      G
               +--------+--------+--------+--------+--------+-----+--------+
         Total |   2068 |   2012 |     56 |    215 |   1386 |   3 |  689.3 |
       Dungeon |   2068 |   2012 |     56 |    215 |   1386 |   3 |  689.3 |
               +--------+--------+--------+--------+--------+-----+--------+

Top non-repeatable levels by time:
     D:1: 1159 daAuts
     D:2: 496 daAuts
     D:3: 412 daAuts
